 Dungeon Crawl Stone Soup version 0.16.2-14-g7133f4a77c (webtiles) character file.

14373 faibistes the Thaumaturge (level 11, -5/55 HPs)
             Began as a Deep Elf Wizard on Sept 16, 2021.
             Was the Champion of Sif Muna.
             Slain by Gastronok (34 damage)
             ... on level 2 of the Lair of Beasts.
             The game lasted 01:08:16 (21130 turns).

faibistes the Thaumaturge (Deep Elf Wizard)        Turns: 21130, Time: 01:08:16

Health: -5/55      AC:  7    Str:  4    XL:     11   Next: 87%
Magic:  10/34      EV: 17    Int: 27    God:    Sif Muna [******]
Gold:   690        SH:  0    Dex: 13    Spells: 8 memorised, 13 levels left

rFire  . . .     SeeInvis .     w - +3 dagger (venom)
rCold  . . .     Clarity  .     a - +0 robe
rNeg   . . .     SustAb   .     (no shield)
rPois  .         Gourm    .     b - +0 hat
rElec  .         Spirit   .     o - +0 cloak
rCorr  .         Warding  .     Q - +2 pair of gloves
rMut   .         Stasis   .     K - +0 pair of boots
MR     ++...                    (no amulet)
Stlth  ++........               (no ring)
                                e - ring of protection from magic

@: repel missiles, very resistant to hostile enchantments, unstealthy
A: no striking features
a: Channel Energy, Forget Spell, Renounce Religion


You were on level 2 of the Lair of Beasts.
You worshipped Sif Muna.
Sif Muna was exalted by your worship.
You were not hungry.

You visited 3 branches of the dungeon, and saw 15 of its levels.

You collected 823 gold pieces.
You spent 133 gold pieces at shops.

Inventory:

Hand weapons
 w - a +3 dagger of venom (weapon)
Armour
 a - a +0 robe (worn)
 b - a +0 hat (worn)
 o - a +0 cloak (worn)
 F - the +0 robe of Repulsion {rElec rF+ rN+ Str-5 Dex+2}
   (You found it on level 4 of the Dungeon)

   It affects your strength (-5).
   It affects your dexterity (+2).
   It protects you from fire.
   It insulates you from electricity.
   It protects you from negative energy.
 K - a +0 pair of boots (worn)
 Q - a +2 pair of gloves (worn)
Jewellery
 e - a ring of protection from magic (left hand)
Magical devices
 s - a wand of magic darts (13)
 v - a wand of teleportation (8)
 z - a wand of digging (1)
 E - a wand of enslavement (14)
 J - a wand of fireball (4)
 P - a wand of disintegration (8)
 R - a wand of heal wounds (6)
 T - a wand of paralysis (0)
Scrolls
 h - 5 scrolls of recharging
 j - 6 scrolls of remove curse
 p - 2 scrolls of blinking
 r - 2 scrolls of teleportation
 t - 4 scrolls of fear
 y - 3 scrolls of amnesia
 H - a scroll of magic mapping
 M - a scroll of summoning
Potions
 g - 3 potions of haste {unknown}
 i - a potion of restore abilities {unknown}
 k - 10 potions of curing
 l - 3 potions of resistance
 m - 3 potions of degeneration {unknown}
 n - 4 potions of lignification
 q - 2 potions of cure mutation {unknown}
 u - a potion of magic {unknown}
 x - 2 potions of mutation {unknown}
 A - a potion of might {unknown}
 B - 2 potions of berserk rage {unknown}
 D - 6 potions of brilliance
 G - 2 potions of beneficial mutation {unknown}
 L - a potion of invisibility
 S - a potion of ambrosia {unknown}
Books
 c - a book of Minor Magic

   Spells                             Type                      Level
   a - Magic Dart                     Conjuration                  1
   b - Blink                          Translocation                2
   c - Call Imp                       Summoning                    2
   d - Repel Missiles                 Charms/Air                   2
   e - Slow                           Hexes                        2
   f - Conjure Flame                  Conjuration/Fire             3
   g - Mephitic Cloud                 Conjuration/Poison/Air       3
 I - a book of Alchemy

   Spells                             Type                      Level
   a - Sublimation of Blood           Necromancy                   2
   b - Alistair's Intoxication        Transmutation/Poison         4
   c - Condensation Shield            Ice                          4
   d - Petrify                        Transmutation/Earth          4
   e - Ignite Poison                  Fire/Transmutation           5
   f - Irradiate                      Conjuration/Transmutation    5
 O - a Grand Grimoire {highlevel}

   This book is beyond your current level of understanding.

   Spells                             Type                      Level
   a - Aura of Abjuration             Summoning                    6
   b - Summon Greater Demon           Summoning                    7
   c - Malign Gateway                 Summoning/Translocation      7
   d - Summon Horrible Things         Summoning                    8
 V - a book of Clouds

   Spells                             Type                      Level
   a - Mephitic Cloud                 Conjuration/Poison/Air       3
   b - Conjure Flame                  Conjuration/Fire             3
   c - Poisonous Cloud                Conjuration/Poison/Air       6
   d - Freezing Cloud                 Conjuration/Ice/Air          6
   e - Ring of Flames                 Charms/Fire                  7
 W - Sif Muna's Grimoire of Summoning
   (Sif Muna gifted it to you on level 1 of the Lair of Beasts)

   Spells                             Type                      Level
   a - Haunt                          Necromancy/Summoning         7
   b - Summon Horrible Things         Summoning                    8
Comestibles
 d - 14 bread rations
 f - 7 fruits
 C - 7 meat rations
 N - 2 beef jerkies
 U - 2 royal jellies
 X - 2 chunks of flesh


   Skills:
 - Level 0.8 Fighting
 + Level 9.1 Dodging
 - Level 2.4 Stealth
 * Level 12.7 Spellcasting
 + Level 8.2 Conjurations
 - Level 1.1 Summonings
 - Level 2.7 Translocations
 - Level 3.2 Transmutations
 * Level 6.5 Fire Magic
 - Level 4.3 Air Magic
 * Level 6.6 Earth Magic
 - Level 2.9 Poison Magic
 * Level 6.8 Invocations
 + Level 4.7 Evocations


You had 13 spell levels left.
You knew the following spells:

 Your Spells              Type           Power        Failure   Level  Hunger
a - Magic Dart            Conj           ####         1%          1    None
b - Conjure Flame         Conj/Fire      ######..     1%          3    None
c - Call Imp              Summ           ###.....     3%          2    None
d - Blink                 Tloc           N/A          1%          2    None
e - Mephitic Cloud        Conj/Pois/Air  #####...     1%          3    None
f - Repel Missiles        Chrm/Air       ####..       1%          2    None
g - Petrify               Trmt/Erth      #####...     4%          4    None
i - Ignite Poison         Fire/Trmt      #####.....   14%         5    ##.....


Dungeon Overview and Level Annotations

Branches:
Dungeon (12/15)            Temple (1/1) D:5            Lair (2/8) D:8
    Orc (0/4) D:11

Altars:
Ashenzari
Cheibriados
Dithmenos
Elyvilon
Fedhas
Gozag
Kikubaaqudgha
Makhleb
Nemelex Xobeh
Okawaru
Qazlal
Ru
Sif Muna
Trog
Vehumet
Xom
Yredelemnul
Zin
The Shining One
Beogh

Shops:
D:7 ?   D:10 ?   D:11 (

Annotations:
Lair:2 Gastronok


Message History

Gastronok seems to burn from within!
Gastronok is lightly wounded.
The hippogriff is engulfed in roaring flames.
Gastronok is engulfed in roaring flames.
Gastronok bites you!!
Casting: Ignite Poison
Confirm with . or Enter, or press ? or * to list all spells.
You ignite the poison in your surroundings!
Gastronok seems to burn from within!
Gastronok is heavily wounded.
Unknown command.
Casting: Ignite Poison
Confirm with . or Enter, or press ? or * to list all spells.
You ignite the poison in your surroundings!
Gastronok seems to burn from within!
Gastronok is heavily wounded.
Gastronok is engulfed in roaring flames.
Gastronok bites you!!
Ouch! That really hurt!
You die...

# ##### ..##
#####...# ....P
#..8.#..#
......##......#
.......#8.@.8.#
..........wH.#.#
#...........#####
#.......##'##.....
#....###.....###
##.. #.........#
.#.....####...w.
#....# ...#.
...##. ..w.#


You could see Gastronok and a hippogriff.

Vanquished Creatures
  A hill giant (D:11)
  An ugly thing (D:11)
  2 centaur zombies
  A black mamba (Lair:1)
  2 spiny frogs
  A torpor snail (Lair:1)
  A gargoyle (D:9)
  Psyche (D:8)
  2 komodo dragons
  2 trolls
  Grinder (D:6)
  A wyvern (D:7)
  A spriggan (D:7)
  A deep elf mage (D:10)
  A wraith (D:7)
  2 hippogriffs
  3 hungry ghosts
  12 yaks
  2 vampire mosquitoes (D:11)
  Edmund (D:8)
  Menkaure (D:6)
  3 sky beasts
  3 orc warriors
  3 water moccasins
  A porcupine (Lair:2)
  6 ogres
  3 necrophages
  8 centaurs
  4 ice beasts
  2 phantoms
  Duvessa (D:5)
  8 giant frogs
  Blork the orc (D:5)
  A big kobold (D:8)
  A wyvern zombie (D:10)
  8 scorpions
  3 wights (D:9)
  5 killer bees (D:7)
  Dowan (D:5)
  A goliath beetle (D:8)
  6 crimson imps
  9 hounds
  2 iguanas
  2 jellies
  10 orc priests
  2 gnoll shamans
  6 worker ants
  11 orc wizards
  2 giant frog skeletons (D:6)
  Natasha (thrice) (D:3)
  8 sheep (Lair:1)
  A hound skeleton (D:4)
  12 gnolls
  2 worker ant zombies
  12 adders
  8 river rats
  3 shadow imps (D:8)
  A giant mite (D:8)
  3 worms
  An adder skeleton (D:9)
  6 giant geckos
  39 orcs
  A ball python (D:8)
  A bat zombie (D:5)
  8 giant cockroaches
  18 hobgoblins
  9 jackals
  8 quokkas
  16 bats
  A giant gecko zombie (D:7)
  A giant spore (D:8)
  12 goblins
  16 kobolds
  An orc skeleton (D:8)
  18 rats
  6 ballistomycetes (D:8)
368 creatures vanquished.

Vanquished Creatures (collateral kills)
  A worm (D:2)
1 creature vanquished.

Vanquished Creatures (others)
  A giant spore (D:8)
  8 fungi
  A plant (D:8)
10 creatures vanquished.

Grand Total: 379 creatures vanquished

Notes
Turn   | Place    | Note
--------------------------------------------------------------
     0 | D:1      | faibistes, the Deep Elf Wizard, began the quest for the Orb.
     0 | D:1      | Reached XP level 1. HP: 10/10 MP: 6/6
   437 | D:1      | Reached XP level 2. HP: 15/15 MP: 4/10
   491 | D:1      | Learned a level 2 spell: Blink
   494 | D:1      | Learned a level 2 spell: Call Imp
  1350 | D:2      | Reached skill level 5 in Spellcasting
  1520 | D:3      | Reached XP level 3. HP: 19/19 MP: 8/14
  1528 | D:3      | Learned a level 3 spell: Conjure Flame
  1532 | D:3      | Learned a level 3 spell: Mephitic Cloud
  2764 | D:3      | Reached XP level 4. HP: 16/24 MP: 13/17
  2981 | D:3      | Learned a level 2 spell: Repel Missiles
  3453 | D:4      | Reached XP level 5. HP: 23/28 MP: 0/20
  3664 | D:4      | Got a shimmering robe
  3675 | D:4      | Identified the +0 robe of Repulsion {rElec rF+ rN+ Str-5 Dex+2} (You found it on level 4 of the Dungeon)
  3675 | D:4      | Lost strength.
  3755 | D:5      | Entered Level 5 of the Dungeon
  3819 | D:3      | Noticed Natasha
  3824 | D:3      | Killed Natasha
  3824 | D:3      | Reached skill level 6 in Spellcasting
  4358 | D:3      | Noticed Natasha
  4363 | D:3      | Killed Natasha
  4449 | D:3      | Noticed Natasha
  4454 | D:3      | Killed Natasha
  4679 | D:3      | Reached XP level 6. HP: 32/32 MP: 12/22
  5264 | D:4      | Found a shadowy altar of Dithmenos.
  5555 | D:4      | Reached skill level 7 in Spellcasting
  5953 | D:4      | Reached skill level 5 in Dodging
  5953 | D:4      | Reached XP level 7. HP: 36/36 MP: 7/25
  6693 | D:4      | Found a glowing golden altar of the Shining One.
  6908 | D:5      | Found a deep blue altar of Sif Muna.
  6917 | D:5      | Became a worshipper of Sif Muna the Loreminder
  7117 | D:5      | Noticed Blork the orc
  7130 | D:5      | Killed Blork the orc
  7219 | D:6      | Noticed Menkaure
  7580 | D:5      | Noticed Dowan
  7594 | D:5      | Noticed Duvessa
  7612 | D:5      | Killed Duvessa
  7612 | D:5      | Reached skill level 1 in Air Magic
  7729 | D:5      | Killed Dowan
  7836 | D:5      | Reached XP level 8. HP: 41/41 MP: 9/27
  7928 | D:6      | Reached skill level 8 in Spellcasting
  7928 | D:6      | Reached skill level 5 in Conjurations
  7928 | D:6      | Reached skill level 1 in Poison Magic
  8072 | D:5      | Found an iron altar of Okawaru.
  8383 | D:5      | Found a staircase to the Ecumenical Temple.
  8393 | Temple   | Entered the Ecumenical Temple
  8671 | D:6      | Noticed Grinder
  8697 | D:6      | Killed Grinder
  8697 | D:6      | Acquired Sif Muna's first power
  9135 | D:6      | Killed Menkaure
  9231 | D:6      | Learned a level 4 spell: Petrify
  9237 | D:6      | Learned a level 5 spell: Ignite Poison
  9268 | D:7      | Acquired Sif Muna's second power
  9268 | D:7      | Reached skill level 9 in Spellcasting
  9440 | D:7      | Found a sacrificial altar of Ru.
  9455 | D:7      | Reached XP level 9. HP: 45/45 MP: 18/29
 10370 | D:7      | Reached skill level 1 in Transmutations
 10471 | D:8      | Reached skill level 1 in Fire Magic
 10525 | D:9      | Reached skill level 1 in Invocations
 10573 | D:10     | Entered Level 10 of the Dungeon
 10587 | D:10     | Reached skill level 1 in Evocations
 10766 | D:7      | Reached skill level 1 in Earth Magic
 10935 | D:7      | Found a stormy altar of Qazlal.
 11249 | D:7      | Found Jyfufran's Magic Scroll Boutique.
 11291 | D:8      | Reached skill level 10 in Spellcasting
 11428 | D:8      | Found a staircase to the Lair.
 11524 | D:7      | Bought a scroll of summoning for 133 gold pieces
 11660 | D:7      | Found a blossoming altar of Fedhas.
 11843 | D:7      | Found an ancient bone altar of Kikubaaqudgha.
 11923 | D:7      | Found a glowing golden altar of the Shining One.
 12606 | D:8      | Reached XP level 10. HP: 51/51 MP: 20/31
 13164 | D:8      | Noticed Psyche
 13317 | D:8      | Killed Psyche
 13549 | D:8      | Noticed Edmund
 13591 | D:8      | HP: 2/51 [Edmund/dire flail of crushing (5)]
 13594 | D:8      | Killed Edmund
 13893 | D:9      | Noticed a centaur zombie
 13900 | D:8      | Acquired Sif Muna's third power
 14027 | D:8      | Reached skill level 11 in Spellcasting
 14334 | D:9      | Killed a centaur zombie
 15718 | D:9      | Noticed a gargoyle
 15760 | D:9      | Killed a gargoyle
 15760 | D:9      | Reached skill level 5 in Invocations
 16050 | D:10     | Found Lays' Magic Scroll Emporium.
 16542 | D:10     | Reached XP level 11. HP: 48/55 MP: 27/33
 16633 | D:10     | Noticed a centaur zombie
 16642 | D:10     | Killed a centaur zombie
 16699 | D:10     | Reached skill level 5 in Fire Magic
 16699 | D:10     | Reached skill level 5 in Earth Magic
 16884 | D:10     | Got a warped rapier
 16885 | D:10     | Identified the cursed +0 rapier "Breemecs" {flame, -Cast +Fly rF- Dex+8} (You took it off a crimson imp on level 10 of the Dungeon)
 17433 | D:10     | Noticed a hill giant
 17456 | D:10     | Reached skill level 12 in Spellcasting
 17535 | D:11     | Noticed a hill giant
 17544 | D:11     | Killed a hill giant
 18244 | D:11     | Found a staircase to the Orcish Mines.
 18278 | D:11     | Found a roughly hewn altar of Beogh.
 18578 | D:11     | Found Yfa Grai's Antique Weapon Shop.
 19470 | Lair:1   | Entered Level 1 of the Lair of Beasts
 19749 | Lair:1   | Received a gift from Sif Muna
 19750 | Lair:1   | Identified Sif Muna's Grimoire of Summoning (Sif Muna gifted it to you on level 1 of the Lair of Beasts)
 21101 | Lair:2   | Noticed Gastronok
 21130 | Lair:2   | Slain by Gastronok

Action                   |  1- 3 |  4- 6 |  7- 9 | 10-12 || total
-------------------------+-------+-------+-------+-------++-------
Melee: Unarmed           |       |     5 |       |       ||     5
       Dagger            |       |       |    37 |   141 ||   178
 Cast: Magic Dart        |    86 |   170 |   469 |   539 ||  1264
       Call Imp          |     2 |       |       |       ||     2
       Mephitic Cloud    |     3 |    27 |    44 |    40 ||   114
       Blink             |     2 |     3 |    11 |    38 ||    54
       Conjure Flame     |     1 |     4 |    21 |    83 ||   109
       Repel Missiles    |       |     1 |     2 |     2 ||     5
       Ignite Poison     |       |       |       |    15 ||    15
Invok: Channel Energy    |       |       |       |     7 ||     7
Evoke: Wand              |       |       |     3 |     7 ||    10
  Use: Scroll            |       |       |    16 |     6 ||    22
       Potion            |       |       |       |     3 ||     3
 Stab: Confused          |       |     1 |     5 |     3 ||     9
  Eat: Chunk             |     5 |    10 |    17 |    28 ||    60
       Royal jelly       |       |       |     1 |       ||     1
       Fruit             |       |       |     1 |     2 ||     3
